 Dungeon Crawl Stone Soup version 0.24-a0-537-g2d01d4ab0a (webtiles) character file.

Game seed: 2590337686040569640

277 Napalmbreeze the Skirmisher (level 6, 0/57 HPs)
             Began as a Hill Orc Fighter on Aug 13, 2019.
             Succumbed to Sigmund's poison
             ... on level 2 of the Dungeon.
             The game lasted 00:03:15 (1271 turns).

Napalmbreeze the Skirmisher (Hill Orc Fighter)      Turns: 1271, Time: 00:03:17

Health: 0/57       AC: 11    Str: 21    XL:     6   Next: 25%
Magic:  6/6        EV:  7    Int:  8    God:
Gold:   74         SH:  9    Dex: 10    Spells: 5/5 levels left

rFire    . . .     SeeInvis .   a - +0 war axe
rCold    . . .     Gourm    .   c - +0 shield
rNeg     . . .     Faith    .   b - +0 scale mail
rPois    .         Spirit   .   (no helmet)
rElec    .         Reflect  .   (no cloak)
rCorr    .         Harm     .   (no gloves)
MR       .....                  (no boots)
Stlth    ..........             (no amulet)
HPRegen  0.19/turn              j - +4 ring of protection
MPRegen  0.10/turn              (no ring)

@: lethally poisoned (0 -> -14)
A: no striking features
a: no special abilities


You were on level 2 of the Dungeon.
You were hungry.

You visited 1 branch of the dungeon, and saw 3 of its levels.

You collected 74 gold pieces.

Inventory:

Hand Weapons
 a - a +0 war axe (weapon)
Missiles
 q - 21 poisoned darts (quivered)
Armour
 b - a +0 scale mail (worn)
 c - a +0 shield (worn)
Jewellery
 j - a +4 ring of protection (left hand)
Scrolls
 h - 3 scrolls of fog
 i - a scroll of enchant armour {unknown}
 k - a scroll of identify {unknown}
 l - 2 scrolls of remove curse {unknown}
 p - a scroll of teleportation {unknown}
Potions
 d - a potion of might
Comestibles
 f - 3 rations
 g - 2 chunks of flesh


   Skills:
 * Level 5.9 Fighting
 + Level 4.3 Axes
 + Level 4.3 Armour
 + Level 4.5 Shields


You had 5 spell levels left.
You didn't know any spells.
Your spell library was empty.

Dungeon Overview and Level Annotations

Branches:
Dungeon (3/15)

Altars:
Cheibriados
Nemelex Xobeh
Yredelemnul


Message History

It was a potion of cancellation.
Your magical effects are unravelling.
You feel magically purged.
You feel less wooden.
Your +0 scale mail unmelds from your body.
You feel yourself slow down.
* * * LOW HITPOINT WARNING * * *
You feel sick.
Okay, then.
Unknown command.
Unknown command.
There is a lethal amount of poison in your body!
There is a lethal amount of poison in your body!
Unknown command.
As you read the scroll labeled FAXERE DEAJA, it crumbles to dust.
The scroll dissolves into smoke.
It was a scroll of fog.
* * * LOW HITPOINT WARNING * * *
You feel sick.
Unknown command.
You die...

......# ##. ###.......
#.#.# .##### #$..
#......... #...# ..###
... #........... ##..#
....###.## .#.........
#..# ......)...
.......... #..#
#.....#.# #...@.....
#..) ##....#.#
#.##§§....... ###.
#.[....# #...§§#### #.
#.>...##
#####§@§§#############.
#....##
####§..............
#....# ################
#.{>.# #....# #....#
######


There were no monsters in sight!

Vanquished Creatures
  Sigmund (D:2)
  Jessica (D:2)
  2 adders (D:2)
  A worm (D:2)
  4 dart slugs (D:1)
  2 leopard geckos
  3 giant cockroaches
  2 gnoll zombies (D:2)
  6 hobgoblins
  4 jackals (D:1)
  7 kobolds
  4 bats (D:1)
  5 frilled lizards
  6 goblins
  9 rats
57 creatures vanquished.

Notes
Turn   | Place    | Note
-------+----------+-------------------------------------------
     0 | D:1      | Napalmbreeze the Hill Orc Fighter began the quest for the
                  | Orb.
     0 | D:1      | Reached XP level 1. HP: 19/19 MP: 1/1
   227 | D:1      | Reached XP level 2. HP: 26/27 MP: 2/2
   234 | D:1      | Reached skill level 4 in Fighting
   424 | D:1      | Reached XP level 3. HP: 30/33 MP: 3/3
   840 | D:2      | Found a snail-covered altar of Cheibriados.
   870 | D:2      | Noticed Sigmund
   926 | D:2      | Found a sparkling altar of Nemelex Xobeh.
   976 | D:2      | Reached XP level 4. HP: 40/41 MP: 4/4
   987 | D:2      | Noticed Jessica
   995 | D:2      | Killed Jessica
  1138 | D:2      | Found a basalt altar of Yredelemnul.
  1142 | D:2      | Reached skill level 5 in Fighting
  1262 | D:2      | Killed Sigmund
  1262 | D:2      | Reached XP level 5. HP: 12/50 MP: 5/5
  1262 | D:2      | Reached XP level 6. HP: 13/57 MP: 6/6
  1270 | D:2      | HP: 1/57 [poisoned by Sigmund]
  1271 | D:2      | Succumbed to Sigmund's poison

Levels and vault maps discovered:
D:1:      wander_arrival_desolate, layout_loops_ring
D:2:      layout_rooms, nicolae_overflow_crystal_walls,
          lemuel_zombie_altar_yredelemnul, nemelex_xobeh_ov_fountains_minmay,
          uniq_sigmund, uniq_jessica
D:3:      layout_basic, lemuel_coloured_pillars_altar, first_ration,
          uniq_crazy_yiuf_cottage

Skill      XL: |  1  2  3  4 |
---------------+-------------+-----
Fighting       | 4 5 |  5.9
Axes           | 3 4 |  4.3
Shields        | 4 |  4.5
Armour         | 4 |  4.3

Action                   |  1- 3 |  4- 6 || total
-------------------------+-------+-------++-------
Melee: War axe           |    94 |    58 ||   152
  Use: Potion            |       |     4 ||     4
       Scroll            |       |     1 ||     1
  Eat: Chunk             |       |     1 ||     1
Armor: Scale mail        |    40 |    10 ||    50
Dodge: Dodged            |    22 |    11 ||    33
Block: Shield            |    51 |    28 ||    79

Table legend:
 A = Non-vault XP
 B = Vault XP
 C = Vault XP percentage of total XP
 D = Non-vault monster count
 E = Vault monster count
 F = Vault count percentage of total count
                 A         B        C        D         E       F
            +---------+---------+-------+---------+---------+-------
      Total |     117 |     279 |  70.5 |      53 |       4 |   7.0
            +---------+---------+-------+---------+---------+-------
        D:1 |      60 |       0 |   0.0 |      32 |       0 |   0.0
        D:2 |      55 |     279 |  83.5 |      19 |       4 |  17.4
        D:3 |       2 |       0 |   0.0 |       2 |       0 |   0.0
            +---------+---------+-------+---------+---------+-------
